AoeStats
← TORRES

Arena

510242032Analyzed
4v4 RM · 2d ago on Sep 30, 2026· 56m 9s· 8 players
Game mode
Random Map
Map size
Large (8 player)
Population
200
Speed
Normal
Resources
Standard
Victory
Conquest
Starting age
Dark Age
Ending age
Imperial Age
RankedLock teamsTeams togetherTeam positionsShared explorationLock speedFull tech treeHidden civsTurbo modeCheats
Victory
Defeat
🇲🇽 Spanish · Mexico
704
+13
🇵🇪 Persians · Peru
652
+15
🇨🇦 Persians · Canada
645
+15
🇺🇸 Huns · United States
637
+16
🇳🇿 Turks · New Zealand
729
-18
🇧🇴 Malians · Bolivia
675
-17
🇨🇳 Tatars · China
572
-12
🇭🇰 Goths · Hong Kong SAR China
554
-12
DaveyJones
0:41 Loom
10:51 Feudal Age
11:54 Double-Bit Axe
13:04 Wheelbarrow
13:17 Horse Collar
20:54 Castle Age
19:58 Forging
19:48 Stone Mining
20:03 Gold Mining
22:05 Heavy Plow
22:17 Bow Saw
22:17 Pikeman
23:04 Squires
24:29 Fletching
25:23 Gold Shaft Mining
26:00 Elite Skirmisher
26:43 Husbandry
26:54 Bloodlines
26:54 Scale Mail Armor
28:22 Padded Archer Armor
29:15 Hand Cart
34:25 Imperial Age
32:33 Light Cavalry
34:39 Bodkin Arrow
35:20 Iron Casting
35:44 Halberdier
37:01 Parthian Tactics
37:48 Scale Barding Armor
37:17 Cavalier
39:52 Bracer
47:42 Blast Furnace
49:07 Chain Mail Armor
53:54 Paladin
54:04 Heavy Cavalry Archer
Hosso
10:13 Loom
12:50 Feudal Age
13:23 Double-Bit Axe
13:23 Horse Collar
15:27 Wheelbarrow
20:38 Castle Age
20:36 Forging
21:33 Gold Mining
22:03 Stone Mining
25:13 Crossbowman
26:01 Scale Mail Armor
26:09 Scale Barding Armor
29:37 Chain Mail Armor
29:57 Iron Casting
30:06 Thumb Ring
30:26 Bow Saw
30:45 Town Watch
31:15 Hand Cart
35:52 Imperial Age
34:38 Ballistics
35:40 Chain Barding Armor
35:51 Padded Archer Armor
35:41 Fletching
36:42 Cavalier
37:22 Husbandry
37:28 Husbandry
39:22 Chemistry
38:18 Murder Holes
43:24 Town Patrol
44:01 Plate Barding Armor
43:56 Plate Mail Armor
44:26 Blast Furnace
47:40 Savar
49:53 Heavy Plow
51:13 Two-Man Saw
50:16 Padded Archer Armor
josefero91
3:05 Loom
12:15 Feudal Age
14:10 Wheelbarrow
18:01 Castle Age
16:59 Double-Bit Axe
24:52 Bow Saw
33:10 Hand Cart
33:12 Horse Collar
33:57 Bloodlines
33:48 Husbandry
35:35 Stone Mining
35:36 Gold Mining
35:51 Heavy Plow
36:07 Murder Holes
36:33 Ballistics
36:32 Scale Barding Armor
36:28 Scale Mail Armor
36:39 Forging
42:46 Imperial Age
43:54 Chain Barding Armor
44:10 Iron Casting
43:01 Cavalier
45:47 Conscription
44:54 Paladin
48:34 Plate Barding Armor
49:00 Blast Furnace
51:27 Caravan
TORRES
12:26 Feudal Age
12:48 Double-Bit Axe
13:20 Stone Mining
16:53 Wheelbarrow
17:16 Gold Mining
18:41 Town Watch
22:22 Castle Age
22:29 Pikeman
22:49 Elite Skirmisher
23:35 Squires
26:20 Bow Saw
27:04 Caravan
29:07 Horse Collar
31:16 Fletching
31:37 Forging
32:30 Stone Shaft Mining
34:24 Hand Cart
39:33 Imperial Age
37:06 Heavy Plow
37:31 Ballistics
37:23 Bodkin Arrow
38:04 Iron Casting
39:23 Scale Barding Armor
39:18 Scale Mail Armor
39:19 Padded Archer Armor
41:11 Chemistry
40:12 Halberdier
40:38 Arson
43:13 Town Patrol
52:10 Elite War Elephant
songshu512
12:50 Feudal Age
14:07 Double-Bit Axe
14:05 Horse Collar
21:00 Wheelbarrow
22:31 Castle Age
21:31 Gold Mining
21:33 Stone Mining
22:50 Forging
22:41 Scale Mail Armor
22:10 Man-at-Arms
25:06 Chain Mail Armor
25:28 Iron Casting
24:23 Long Swordsman
28:09 Wheelbarrow
28:16 Heavy Plow
28:31 Bow Saw
29:01 Stone Shaft Mining
31:56 Hand Cart
34:11 Squires
34:25 Anarchy
39:53 Pikeman
43:53 Imperial Age
44:52 Halberdier
44:52 Two-Handed Swordsman
45:57 Champion
shenyany
6:06 Loom
12:20 Feudal Age
13:25 Horse Collar
13:33 Double-Bit Axe
17:31 Castle Age
21:11 Bow Saw
24:32 Bloodlines
26:44 Husbandry
28:33 Wheelbarrow
28:22 Silk Armor
30:09 Treadmill Crane
30:53 Heavy Plow
33:27 Imperial Age
30:45 Town Watch
31:53 Gold Mining
32:49 Stone Mining
35:08 Scale Barding Armor
35:14 Forging
34:57 Fletching
35:08 Padded Archer Armor
35:31 Elite Skirmisher
36:14 Pikeman
36:54 Squires
36:35 Light Cavalry
37:42 Hand Cart
38:03 Chain Barding Armor
37:45 Scale Mail Armor
37:28 Halberdier
38:56 Conscription
39:58 Hussar
42:00 Arson
43:07 Timurid Siegecraft
45:26 Chemistry
44:23 Murder Holes
44:34 Siege Engineers
44:40 Fortified Wall
48:55 Iron Casting
48:56 Plate Barding Armor
BRICET27S
0:31 Loom
11:50 Feudal Age
12:44 Horse Collar
12:50 Double-Bit Axe
17:08 Man-at-Arms
19:09 Scale Mail Armor
21:23 Wheelbarrow
23:03 Forging
22:46 Gold Mining
25:54 Castle Age
24:20 Stone Mining
25:56 Pikeman
26:39 Heavy Plow
26:51 Bow Saw
26:59 Hand Cart
26:35 Arson
28:27 Iron Casting
28:26 Fortified Wall
27:57 Treadmill Crane
29:39 Gold Shaft Mining
30:29 Heated Shot
31:10 Tigui
32:07 Chain Mail Armor
31:37 Long Swordsman
33:39 Ballistics
33:12 Fletching
33:51 Masonry
35:19 Bodkin Arrow
38:12 Elite Skirmisher
45:20 Imperial Age
48:12 Light Cavalry
49:06 Bloodlines
49:48 Scale Barding Armor
BROWNY12356
12:03 Feudal Age
16:39 Castle Age
15:35 Double-Bit Axe
15:32 Horse Collar
16:24 Gold Mining
17:35 Bow Saw
17:45 Heavy Plow
19:47 Gold Shaft Mining
25:48 Imperial Age
35:07 Two-Man Saw
39:04 Town Watch
39:10 Loom
40:01 Wheelbarrow
41:13 Town Patrol
42:07 Treadmill Crane
Connection lost

Rejoining the realm…

Still unreachable

The connection could not be restored.

Session expired

The server has moved on; the page needs a fresh start.